 Dungeon Crawl Stone Soup version 0.26-a0-969-g2c58977ddd (webtiles) character file.

Game seed: 3679710373970344692

18 PentaManta the Bolt Thrower (level 2, -2/23 HPs)
             Began as a Barachi Hunter on Dec 4, 2020.
             Slain by a leopard gecko (5 damage)
             ... on level 1 of the Dungeon.
             The game lasted 00:01:46 (719 turns).

PentaManta the Bolt Thrower (Barachi Hunter)         Turns: 719, Time: 00:01:46

Health: -2/23      AC:  3    Str: 13    XL:     2   Next: 70%
Magic:  3/11       EV: 12    Int: 11    God:
Gold:   34         SH:  0    Dex: 12    Spells: 1/1 levels left

rFire    . . .     SeeInvis .   g - +0 dagger
rCold    . . .     Faith    .   (no shield)
rNeg     . . .     Spirit   .   c - +0 leather armour
rPois    .         Reflect  .   (no helmet)
rElec    .         Harm     .   (no cloak)
rCorr    .         Rampage  .   (no gloves)
MR       .....                  (no boots)
Stlth    +.........             (no amulet)
HPRegen  0.07/turn              h - ring of magical power
MPRegen  0.12/turn              (no ring)

@: slow
A: +LOS, swims, slowness 1, strong legs 1
a: Hop


You were on level 1 of the Dungeon.
You visited 1 branch of the dungeon, and saw 1 of its levels.

You collected 34 gold pieces.

Inventory:

Hand Weapons
 a - a +1 hand crossbow
 b - a +0 short sword
 g - a +0 dagger (weapon)
Missiles
 d - 19 bolts (quivered)
Armour
 c - a +0 leather armour (worn)
Jewellery
 h - a ring of magical power (left hand)
Scrolls
 e - a scroll of amnesia {unknown}
 f - 2 scrolls of identify {unknown}


   Skills:
 - Level 2.4 Fighting
 + Level 4.7 Crossbows
 - Level 2.1 Dodging
 - Level 0.8 Stealth


You had one spell level left.
You didn't know any spells.
Your spell library was empty.

Dungeon Overview and Level Annotations

Branches:
Dungeon (1/15)

Altars:


Innate Abilities, Weirdness & Mutations

You can be seen from farther away. (+LOS)
You can swim through water.
You cover ground slowly.
You can hop short distances.


Message History

Unknown command.
a - a +1 hand crossbow (weapon)
Fire: 20 bolts
Press: ? - help, Q - select action, (/) - cycle Shift-Dir - straight line, f - goblin
Aim: a goblin, wielding a +2 dagger of draining You shoot a bolt.
The bolt hits the goblin.
You kill the goblin!
g - a +0 dagger (weapon)
The kobold barely misses you. The leopard gecko bites you.
The kobold hits you but does no damage. The leopard gecko bites you.
You barely miss the leopard gecko. The leopard gecko bites you.
You closely miss the leopard gecko. The leopard gecko bites you.
You are too injured to fight recklessly!
You hit the leopard gecko but do no damage.
The leopard gecko bites you.
You closely miss the leopard gecko. The leopard gecko bites you.
* * * LOW HITPOINT WARNING * * *
The leopard gecko bites you.
You die...

###.. ........... ... ....
#.......#.# .## #.............#
.## .###...#......... ...
......#...(..# ... #.....#.[..#
.## #..K.....# .... #
#...#l#######..P≈P## # #. #@#
##P≈≈≈P≈P### .. .. #.# ##PP≈
♣P≈P##. #. #.# #.####P≈≈♣♣
♣≈P... ##.####.###.....P≈P≈♣
♣♣≈P#) #####..........#####≈≈≈P
♣≈≈P.. ......≈≈≈≈≈≈≈....##
#PP♣♣♣♣≈≈P#.
......≈.....≈.#...####≈≈♣PP≈≈†P.
#....≈.....≈...#.....PP≈≈≈≈....
#.≈≈.≈.≈≈..≈.....###.#≈PPP#####


You could see a leopard gecko and a kobold.

Vanquished Creatures
  An ooze (D:1)
  A leopard gecko (D:1)
  A ball python (D:1)
  A giant cockroach (D:1)
  A hobgoblin (D:1)
  6 goblins (D:1)
  A rat (D:1)
12 creatures vanquished.

Vanquished Creatures (others)
  A plant (D:1)
1 creature vanquished.

Grand Total: 13 creatures vanquished

Notes
Turn   | Place    | Note
-------+----------+-------------------------------------------
     0 | D:1      | PentaManta the Barachi Hunter began the quest for the Orb.
     0 | D:1      | Reached XP level 1. HP: 17/17 MP: 1/1
   179 | D:1      | Reached XP level 2. HP: 19/23 MP: 2/2
   719 | D:1      | Slain by a leopard gecko

Illustrated notes

Levels and vault maps discovered:
D:1:      ebering_hopf_link, layout_loops_ring, roderic_st_hans_cross,
          minmay_hedge_maze, serial_bayou_pond_c, minmay_crystal_water,
          chequers_big_river, minmay_pentomino_t2

Action                   || total
-------------------------++-------
Melee: Dagger            ||    64
 Fire: Hand crossbow     ||     3
Armor: Leather armour    ||    10
Dodge: Dodged            ||    42

Table legend: (Time is in decaauts)
 A = Elapsed time spent in this place.
 B = Non-inter-level travel time spent in this place.
 C = Inter-level travel time spent in this place.
 D = Time resting spent in this place.
 E = Time spent auto-exploring this place.
 F = Levels seen in this place.
 G = Mean time per level.
                   A        B        C        D        E       F      G
               +--------+--------+--------+--------+--------+-----+--------+
         Total |    754 |    746 |      8 |     49 |    570 |   1 |  754.0 |
       Dungeon |    754 |    746 |      8 |     49 |    570 |   1 |  754.0 |
               +--------+--------+--------+--------+--------+-----+--------+

Top non-repeatable levels by time:
     D:1: 754 daAuts
